 Dungeon Crawl Stone Soup version 0.19.4-9-g45fd643 (webtiles) character file.

63 nikopol the Skirmisher (level 4, -2/29 HPs)
             Began as a Gargoyle Berserker on Feb 19, 2017.
             Was a Believer of Trog.
             Slain by an iron imp (5 damage)
             ... summoned by Natasha
             ... on level 2 of the Dungeon.
             The game lasted 00:02:11 (1148 turns).

nikopol the Skirmisher (Gargoyle Berserker)         Turns: 1148, Time: 00:02:12

Health: -2/29      AC:  5    Str: 21    XL:     4   Next: 10%
Magic:  4/4        EV: 12    Int:  7    God:    Trog [**....]
Gold:   84         SH:  0    Dex: 10    Spells: 0 memorised, 3 levels left

rFire  . . .     SeeInvis .     a - +0 mace
rCold  . . .     Gourm    .     b - +0 animal skin
rNeg   + + .     Faith    .     (no shield)
rPois  ∞         Spirit   .     (no helmet)
rElec  +         Reflect  .     (no cloak)
rCorr  .         Harm     .     (no gloves)
MR     .....                    (no boots)
Stlth  +.........               (no amulet)
                                (no ring)
                                d - ring of positive energy

@: exhausted, slowed, very slow
A: negative energy resistance 1, electricity resistance, unbreathing,
petrification resistance, rot immunity, AC +3
a: Berserk, Trog's Hand, Burn Spellbooks, Renounce Religion


You were on level 2 of the Dungeon.
You worshipped Trog.
Trog was pleased with you.
You were not hungry.

You visited 1 branch of the dungeon, and saw 2 of its levels.

You collected 84 gold pieces.

Inventory:

Hand Weapons
 a - a +0 mace (weapon)
Armour
 b - a +0 animal skin (worn)
Jewellery
 d - a ring of positive energy (left hand)
Scrolls
 i - 5 scrolls of identify {unknown}
Potions
 e - a potion of ambrosia {unknown}
 f - a potion of degeneration {unknown}
 g - a potion of agility {unknown}
 h - 2 potions of heal wounds {unknown}
Comestibles
 c - a bread ration
 j - 3 fruits
 k - a slice of pizza


   Skills:
 + Level 3.9 Fighting
 + Level 3.5 Maces & Flails
 + Level 3.0 Armour
 + Level 2.1 Dodging


You had 3 spell levels left.
You didn't know any spells.

Dungeon Overview and Level Annotations

Branches:
Dungeon (2/15)

Altars:

Annotations:
D:2 Natasha


Innate Abilities, Weirdness & Mutations

You are resistant to torment.
Your stone body is resilient. (AC +3)
You are immune to poison.
You resist negative energy. (rN+)
You are resistant to electric shocks. (rElec)
You can survive without breathing.
You are immune to petrification.
You are immune to rotting.


Message History

Eating a chunk of flesh.
You start eating the chunk of flesh.
This raw flesh tastes terrible.
You are feeling hungry.
Okay, then.
Things that are here:
a club; the felid corpse of Natasha You butcher the felid corpse of Natasha.
l - a chunk of flesh
Things that are here:
a club; the felid skeleton of Natasha Eating a chunk of flesh.
You start eating the chunk of flesh.
This raw flesh tastes terrible.
Natasha, Servant of Life and Death comes into view.
Natasha hisses angrily.
Natasha mumbles some strange words.
Natasha claws you.
* * * LOW HITPOINT WARNING * * *
The iron imp grinds its teeth.
The iron imp hits you.
You die...

#)# #........# #.##
#.######## #..# #.#
#..## #.# #...#.#.#
#.#.#.#.# #.#.#.#.#
#.#...#.# ###..@..#.#
#....h5.#.#
#......†#.#
###########.........#
#...................#
#..................>#
#...........#########
#.......)...#
#...........#


You could see an iron imp and Natasha.

Vanquished Creatures
  Natasha (D:2)
  2 dart slugs (D:1)
  A leopard gecko (D:1)
  A ball python (D:2)
  A giant cockroach (D:1)
  3 goblins (D:2)
  7 hobgoblins
  6 bats
  4 frilled lizards
  4 kobolds (D:1)
  5 rats
35 creatures vanquished.

Notes
Turn   | Place    | Note
-------+----------+-------------------------------------------
     0 | D:1      | nikopol the Gargoyle Berserker began the quest for the Orb.
     0 | D:1      | Reached XP level 1. HP: 14/14 MP: 1/1
   151 | D:1      | Reached XP level 2. HP: 3/19 MP: 2/2
   867 | D:1      | Reached XP level 3. HP: 13/24 MP: 3/3
  1112 | D:2      | Noticed Natasha
  1123 | D:2      | Killed Natasha
  1123 | D:2      | Reached XP level 4. HP: 4/29 MP: 4/4
  1128 | D:2      | Reached ** piety under Trog
  1146 | D:2      | Noticed Natasha
  1148 | D:2      | Slain by an iron imp

Skill      XL: |  1  2  3 |
---------------+----------+-----
Armour         | 3 |  3.0
Dodging        | 2 |  2.1
Fighting       | |  3.9
Maces & Flails | |  3.5

Action                   |  1- 3 |  4- 6 || total
-------------------------+-------+-------++-------
Melee: Mace              |    99 |     6 ||   105
Invok: Berserk           |     1 |       ||     1
  Eat: Chunk             |       |     2 ||     2
Armor: Animal skin       |    44 |     2 ||    46
Dodge: Dodged            |    97 |     5 ||   102
